 Dungeon Crawl Stone Soup version 0.32-a0-918-g0f22ef8d61 (webtiles) character file.

Game seed: 6139947473106964372

2282 smashvw the Mimic (level 9, -11/54 HPs)
             Began as an Octopode Shapeshifter on Apr 11, 2024.
             Mangled by an orc warrior
             ... wielding a +2 vampiric battleaxe
              (19 damage)
             ... on level 7 of the Dungeon.
             The game lasted 00:13:50 (6471 turns).

smashvw the Mimic (Octopode Shapeshifter)           Turns: 6471, Time: 00:13:50

Health: -11/54     AC:  1    Str: 14    XL:     9   Next: 39%
Magic:  9/9        EV: 17    Int: 12    God:
Gold:   310        SH:  0    Dex: 15    Spells: 8/8 levels left

rFire   . .          .
                       - Unarmed
rCold   + . .        (shield currently unavailable)
rNeg    . . .        (helmet restricted)
rPois   .            (no amulet)
rElec   .            y - ring of flight
rCorr   .            C - ring of protection from cold
SInv    .            (no ring)
Will    .....        (no ring)
Stlth   ++           (no ring)
HPRegen 0.29/turn    (no ring)
MPRegen 0.11/turn    (no ring)
                     (no ring)

%: no passive effects
@: about to teleport, flux-form, flying, glowing
A: glow, contaminating, almost no armour, amphibious, 8 rings, camouflage 1,
gelatinous body 1, (nimble swimmer 1), tentacles
a: Begin Untransformation, Convert to Beogh


You were on level 7 of the Dungeon.
You were something dangerously unstable.
You visited 1 branch of the dungeon, and saw 7 of its levels.
You also visited: Sewer.

You collected 346 gold pieces.
You spent 36 gold pieces at shops.

Inventory:

Missiles
 n - 6 poisoned darts (quivered)
 o - a curare-tipped dart
 r - 4 boomerangs
Jewellery
 y - a ring of flight (left tentacle)
 C - a ring of protection from cold (right tentacle)
 E - an amulet of regeneration
Talismans
 b - a beast talisman
 c - a flux talisman (active)
Scrolls
 d - 7 scrolls of identify {unknown}
 e - 3 scrolls of enchant armour {unknown}
 i - 3 scrolls of brand weapon {unknown}
 m - 3 scrolls of teleportation
 q - a scroll of poison {unknown}
 s - a scroll of fog {unknown}
 t - 2 scrolls of vulnerability {unknown}
 v - 4 scrolls of silence {unknown}
 w - 2 scrolls of noise {unknown}
 B - a scroll of fear {unknown}
 D - 2 scrolls of revelation {unknown}
Potions
 a - a potion of lignification
 f - 2 potions of heal wounds {unknown}
 g - a potion of might {unknown}
 h - 2 potions of brilliance {unknown}
 j - 2 potions of haste {unknown}
 k - 3 potions of curing
 l - 2 potions of mutation {unknown}
 p - 3 potions of enlightenment
 u - a potion of degeneration {unknown}
 x - a potion of magic {unknown}
 z - a potion of attraction {unknown}
 A - a potion of resistance {unknown}


   Skills:
 + Level 2.1 Fighting
 + Level 2.8 Dodging
 - Level 4.0 Stealth
 + Level 3.6 Unarmed Combat
 + Level 10.8 Shapeshifting


You had 8 spell levels left.
You didn't know any spells.
Your spell library contained the following spells:

 Spells                   Type           Power      Damage    Failure   Level
 Apportation              Tloc           0%         N/A       32%         1
 Necrotise                Necr           0%         1d4       32%         1
 Slow                     Hex            0%         N/A       32%         1
 Sting                    Conj/Alch      0%         1d3       32%         1
 Summon Small Mammal      Summ           0%         N/A       32%         1
 Mercury Vapours          Alch/Air       0%         N/A       45%         2
 Confusing Touch          Hex            0%         N/A       69%         3
 Mephitic Cloud           Conj/Alch/Air  0%         N/A       69%         3
 Teleport Other           Tloc           0%         N/A       69%         3
 Vampiric Draining        Necr           0%         2d6       69%         3
 Freezing Cloud           Conj/Ice/Air   0%         6-21      100%        5
 Dispersal                Tloc           0%         N/A       100%        6
 Gell's Gavotte           Tloc           0%         2d(11-16) 100%        6


Dungeon Overview and Level Annotations

Branches:
Dungeon (7/15)              Sewer (visited)
 Temple: D:4-7

Altars:
Qazlal

Shops:
D:3 *   D:4 ==(?*

Annotations:
D:4 1 runed translucent door, Crazy Yiuf


Innate Abilities, Weirdness & Mutations

You are something dangerously unstable.
You glow with magical radiation, making you easy to see and hit.
Foes you strike become dangerously contaminated with magical radiation.
You are incapable of wielding weapons or throwing items.
You cannot wear most types of armour.
You are amphibious.
You can wear up to eight rings at the same time.
Your skin changes colour to match your surroundings (Stealth+).
Your rubbery body absorbs attacks. (AC +1, EV +1)
((You are camouflaged when in or above water. (Stealth+)))
You have tentacles for arms and can constrict up to eight enemies at once.


Message History

Found a scroll labelled MAPYIL REUFEA.
You tentacle-slap the orc.
The orc begins to glow.
Your grab misses the orc. You squeeze the orc, but do no damage.
The orc is heavily wounded.
The orc hits you with a +0 hand axe!
You tentacle-slap the orc.
You kill the orc!
You barely miss the orc warrior. You grab the orc warrior.
You squeeze the orc warrior.
The orc warrior is lightly wounded.
You constrict the orc warrior.
You tentacle-slap the orc warrior but do no damage.
The orc warrior begins to glow.
You squeeze the orc warrior, but do no damage.
The orc warrior is lightly wounded.
You constrict the orc warrior.
The orc warrior hits you with a +2 vampiric battleaxe!!
The orc warrior draws strength from your wounds!
The orc priest shouts, "Surrender to Beogh and we'll let you live!" (press Y on the ability menu to convert to Beogh)
You tentacle-slap the orc warrior.
The orc warrior glows dangerously bright.
You squeeze the orc warrior!
The orc warrior is heavily wounded.
You constrict the orc warrior.
The orc warrior hits you with a +2 vampiric battleaxe!!
* * * LOW HITPOINT WARNING * * *
The orc priest shouts, "Beogh offers mercy even to people such as you.
Join us and be reborn!"
Okay, then.
Unknown command.
As you read the scroll of teleportation, it crumbles to dust.
You feel strangely unstable.
You constrict the orc warrior.
The orc priest looks encouraged for a moment.
The orc warrior misses you.
You release your grip on the orc warrior.
The orc priest calls upon Beogh to heal the orc warrior.
The orc warrior is healed somewhat.
The orc warrior attacks as it pursues you!
The orc warrior hits you with a +2 vampiric battleaxe!!
You die...

#.# .# #.# ###
#.# .#≈≈
#.###.#≈#
#.#...#≈## ###
#.#.###≈≈#...#
####...##..oo..?#
#........o≈≈#...#
#.......p#≈## ###
#........#≈#
###.######≈≈ #.
#### #. #.


You could see an orc warrior (heavy contam) and 2 orc priests.

Vanquished Creatures
  Prince Ribbit (D:6)
  Grinder (D:3)
  Sigmund (D:3)
  Eustachio (D:6)
  Menkaure (D:4)
  2 ogres
  2 black bears (D:5)
  A centaur (D:6)
  A phantom (D:4)
  2 kobold brigands (Sewer)
  Blork the orc (D:4)
  A bullfrog (D:6)
  2 scorpions (D:5)
  3 bombardier beetles
  A gnoll bouda (D:5)
  Terence (D:3)
  Natasha (thrice) (D:3)
  2 iguanas (D:5)
  2 orc wizards (D:6)
  3 river rats
  4 adders
  2 gnolls (D:5)
  A shadow imp (D:6)
  A white imp (D:5)
  2 ufetubi (D:6)
  3 dart slugs
  4 ribbon worms
  16 orcs
  3 ball pythons
  9 endoplasms
  2 giant cockroaches
  9 goblins
  6 hobgoblins
  6 jackals
  16 kobolds
  5 quokkas
  9 bats
  6 frilled lizards
  17 rats
  A butterfly (D:7)
154 creatures vanquished.

Notes
Turn   | Place    | Note
-------+----------+-------------------------------------------
     0 | D:1      | smashvw the Octopode Shapeshifter began the quest for the
                  | Orb.
     0 | D:1      | Reached XP level 1. HP: 13/13 MP: 1/1
   178 | D:1      | Reached XP level 2. HP: 13/18 MP: 2/2
   545 | D:1      | Reached XP level 3. HP: 23/23 MP: 3/3
   607 | D:1      | Reached skill level 4 in Shapeshifting
  1415 | D:2      | Reached XP level 4. HP: 21/28 MP: 4/4
  1684 | D:2      | Reached XP level 5. HP: 33/33 MP: 5/5
  2024 | D:3      | Noticed Natasha
  2027 | D:3      | Reached skill level 5 in Shapeshifting
  2030 | D:3      | Killed Natasha
  2105 | D:3      | Found a faded altar of an unknown god.
  2160 | D:3      | Noticed Natasha
  2168 | D:3      | Killed Natasha
  2231 | D:3      | Noticed Natasha
  2240 | D:3      | Killed Natasha
  2273 | D:3      | Found a glowing drain.
  2277 | D:3      | Reached XP level 6. HP: 35/38 MP: 6/6
  2289 | D:3      | Noticed Sigmund
  2291 | Sewer    | Entered a sewer
  2425 | Sewer    | Reached skill level 6 in Shapeshifting
  2512 | Sewer    | Found a glowing silver altar of Zin.
  2652 | D:3      | Killed Sigmund
  2653 | D:3      | Reached skill level 7 in Shapeshifting
  2653 | D:3      | Reached XP level 7. HP: 28/43 MP: 7/7
  2770 | D:3      | Found a stormy altar of Qazlal.
  2800 | D:3      | Identified the +2 flail of Spite {antimagic, rPois rF-
                  | Str+8}
  2853 | D:3      | Noticed Grinder
  2883 | D:3      | Killed Grinder
  2884 | D:3      | Reached skill level 8 in Shapeshifting
  3066 | D:3      | Noticed Terence
  3073 | D:3      | Killed Terence
  3206 | D:3      | Found Feibuxti's Assorted Antiques.
  3352 | D:4      | Found Qiaraj Ului's Assorted Antiques.
  3455 | D:4      | Found Ruzosh's Weapon Shop.
  3457 | D:4      | Found Uleuff's Jewellery Shop.
  3497 | D:4      | Found Nadwin's Jewellery Emporium.
  3670 | D:4      | Reached XP level 8. HP: 45/48 MP: 8/8
  3775 | D:4      | Found Kupnec Zett's Magic Scroll Boutique.
  3778 | D:4      | Bought a scroll of teleportation for 36 gold pieces
  3809 | D:4      | Noticed Menkaure
  3829 | D:4      | Killed Menkaure
  3985 | D:4      | Noticed Blork the orc
  3992 | D:4      | Killed Blork the orc
  3993 | D:4      | Reached skill level 9 in Shapeshifting
  4209 | D:4      | Found a runed translucent door.
  4210 | D:4      | Noticed Crazy Yiuf
  4456 | D:5      | Entered Level 5 of the Dungeon
  4728 | D:5      | Reached skill level 10 in Shapeshifting
  5190 | D:5      | Reached XP level 9. HP: 15/53 MP: 9/9
  5913 | D:6      | Noticed Eustachio
  5919 | D:6      | Killed Eustachio
  5966 | D:6      | Noticed Prince Ribbit
  5972 | D:6      | Killed Prince Ribbit
  6471 | D:7      | Mangled by an orc warrior

Illustrated notes

Levels and vault maps discovered:
D:1:      evilmike_arrival_fibonacci_small, layout_basic
D:2:      layout_basic, minmay_cupped
D:3:      layout_basic, lemuel_coloured_pillars_altar,
          nicolae_ecumenical_lake_church, serial_shops,
          nicolae_shop_hallway_stairs, portal_sewer_entry_b, uniq_natasha,
          uniq_grinder, uniq_terence, uniq_sigmund
D:4:      layout_loops_ring, serial_shops, nicolae_shop_gaudy_bauble, shop,
          kennysheep_mini, shop, nicolae_shop_stone, uniq_crazy_yiuf_cottage,
          uniq_menkaure, uniq_blork_the_orc
D:5:      layout_basic
D:6:      layout_basic, minmay_misc_feat_alley, minmay_statues_item,
          st_stairs_7, uniq_eustachio, uniq_prince_ribbit1
D:7:      layout_rooms, nicolae_overflow_hidden_temple,
          chequers_temple_overflow_statue_of_worship, cheibrodos_worm_habitat,
          minmay_temple_entry_butterflies, serial_shops, shop, lightli_minifort

Skill      XL: |  1  2  3  4  5  6  7  8  9 |
---------------+----------------------------+-----
Shapeshifting  | 4 5 7 8 10 | 10.8
Stealth        | 2 3 4 |  4.0
Fighting       | 2 |  2.1
Dodging        | |  2.8
Unarmed Combat | |  3.6

Action                     |  1- 3 |  4- 6 |  7- 9 || total
---------------------------+-------+-------+-------++-------
  Melee: Unarmed           |    68 |   101 |   164 ||   333
         Constrict         |    19 |    30 |    45 ||    94
         Tentacles         |     8 |    19 |    47 ||    74
         Punch             |       |     5 |       ||     5
    Use: Potion            |       |     1 |     1 ||     2
         Scroll            |       |       |     1 ||     1
   Stab: Sleeping          |     5 |     5 |     6 ||    16
         Distracted        |     1 |     1 |     1 ||     3
 Armour: Skin              |    31 |    45 |    77 ||   153
  Dodge: Dodged            |    43 |    36 |   115 ||   194
   Form: Flux              |       |       |     1 ||     1

Table legend: (Time is in decaauts)
 A = Elapsed time spent in this place.
 B = Non-inter-level travel time spent in this place.
 C = Inter-level travel time spent in this place.
 D = Time resting spent in this place.
 E = Time spent auto-exploring this place.
 F = Levels seen in this place.
 G = Mean time per level.
                   A        B        C        D        E       F      G
               +--------+--------+--------+--------+--------+-----+--------+
         Total |   6461 |   6312 |    149 |    438 |   4873 |   8 |  807.6 |
       Dungeon |   6186 |   6037 |    149 |    438 |   4640 |   7 |  883.7 |
         Sewer |    275 |    275 |      0 |      0 |    233 |   1 |  275.0 |
               +--------+--------+--------+--------+--------+-----+--------+

Top non-repeatable levels by time:
     D:4: 1187 daAuts
     D:1: 1054 daAuts
     D:6: 988 daAuts
     D:3: 979 daAuts
     D:5: 975 daAuts
     D:2: 956 daAuts
   Sewer: 275 daAuts
     D:7: 44 daAuts
